3018 views
Uploaded 2020-02-23 00:25:39
Game version 1.32 / 1.32.1
20:40 long 4on4 ladder game on (8)NerubianPassage
Saved by Teelo
3018 views
Uploaded 2020-02-23 00:25:39
Game version 1.32 / 1.32.1
20:40 long 4on4 ladder game on (8)NerubianPassage


137 units @ 18k
/ 1.9k
66 buildings @ 9.7k
/ 3.8k

| Boots of Speed | 1 | 250 |
| total: | 1 | 250g |
| Peasant | 26 | 1950 | / | 0 |
| Rifleman | 11 | 2255 | / | 330 |
| Gryphon Rider | 5 | 1400 | / | 350 |
| total: | 42 | 5605g | / | 680w |
| Barracks | 2 | 320 | / | 120 |
| Blacksmith | 1 | 140 | / | 60 |
| Altar of Kings | 1 | 180 | / | 50 |
| Farm | 15 | 1200 | / | 300 |
| Lumber Mill | 1 | 120 | / | 0 |
| Town Hall | 2 | 770 | / | 410 |
| Gryphon Aviary | 2 | 280 | / | 300 |
| Keep | 1 | 320 | / | 210 |
| Castle | 1 | 360 | / | 210 |
| total: | 24 | 3010g | / | 1240w |
| 0:02 | Peasant |
| 0:02 | Peasant |
| 0:06 | Barracks |
| 0:08 | Blacksmith |
| 0:26 | Peasant |
| 0:50 | Peasant |
| 0:54 | Peasant |
| 1:06 | Altar of Kings |
| 1:19 | Peasant |
| 1:28 | Farm |
| 1:32 | Peasant |
| 1:45 | Farm |
| 2:23 | Farm |
| 2:24 | Rifleman |
| 2:29 | Barracks |
| 2:37 | Peasant |
| 2:40 | Rifleman |
| 3:03 | Farm |
| 3:11 | Holy Light |
| 3:23 | Rifleman |
| 3:38 | Rifleman |
| 3:47 | Farm |
| 3:54 | Rifleman |
| 4:12 | Rifleman |
| 4:27 | Farm |
| 4:53 | Keep |
| 5:08 | Farm |
| 5:13 | Black Gunpowder |
| 5:18 | Devotion Aura |
| 5:45 | Farm |
| 5:46 | Rifleman |
| 5:53 | Devotion Aura |
| 6:02 | Rifleman |
| 6:23 | Farm |
| 7:19 | Boots of Speed |
| 7:34 | Farm |
| 7:37 | Studded Leather Armor |
| 7:42 | Lumber Mill |
| 8:10 | Divine Shield |
| 8:22 | Farm |
| 8:24 | Rifleman |
| 8:25 | Long Rifles |
| 8:26 | Refined Gunpowder |
| 8:37 | Peasant |
| 9:10 | Rifleman |
| 9:12 | Rifleman |
| 9:48 | Farm |
| 9:50 | Castle |
| 10:11 | Town Hall |
| 10:55 | Farm |
| 10:57 | Reinforced Leather Armor |
| 11:38 | Farm |
| 11:43 | Iron Forged Swords |
| 11:57 | Improved Lumber Harvesting |
| 12:17 | Gryphon Aviary |
| 12:19 | Gryphon Aviary |
| 12:26 | Farm |
| 13:26 | Devotion Aura |
| 13:30 | Peasant |
| 13:30 | Peasant |
| 13:31 | Peasant |
| 13:31 | Peasant |
| 13:31 | Peasant |
| 14:18 | Peasant |
| 14:39 | Peasant |
| 15:13 | Peasant |
| 15:14 | Peasant |
| 15:26 | Peasant |
| 15:26 | Peasant |
| 15:26 | Peasant |
| 15:26 | Peasant |
| 15:43 | Peasant |
| 15:43 | Peasant |
| 15:43 | Peasant |
| 15:44 | Peasant |
| 16:24 | Storm Hammers |
| 17:00 | Gryphon Rider |
| 17:06 | Steel Forged Swords |
| 17:32 | Town Hall |
| 18:08 | Gryphon Rider |
| 18:37 | Gryphon Rider |
| 18:53 | Animal War Training |
| 18:56 | Gryphon Rider |
| 19:33 | Gryphon Rider |
| Right click | 464 |
| Select group | 364 |
| Select | 195 |
| Build/train/purchase | 69 |
| Misc. action | 56 |
| Chat | 38 |
| Assign group | 20 |
| Use ability | 16 |
| Resource trade | 5 |
| Minimap ping | 4 |


| Boots of Speed | 1 | 250 |
| total: | 1 | 250g |
| Peasant | 9 | 675 | / | 0 |
| Rifleman | 8 | 1640 | / | 240 |
| Knight | 2 | 490 | / | 120 |
| Magnataur Warrior | 1 | 340 | / | 15 |
| total: | 20 | 3145g | / | 375w |
| Barracks | 2 | 320 | / | 120 |
| Blacksmith | 1 | 140 | / | 60 |
| Farm | 9 | 720 | / | 180 |
| Altar of Kings | 1 | 180 | / | 50 |
| Lumber Mill | 1 | 120 | / | 0 |
| Town Hall | 2 | 770 | / | 410 |
| Arcane Sanctum | 2 | 300 | / | 280 |
| Keep | 1 | 320 | / | 210 |
| Castle | 1 | 360 | / | 210 |
| total: | 18 | 2550g | / | 1100w |
| 0:02 | Peasant |
| 0:02 | Peasant |
| 0:02 | Peasant |
| 0:11 | Barracks |
| 0:13 | Peasant |
| 0:20 | Blacksmith |
| 0:22 | Peasant |
| 0:52 | Farm |
| 1:47 | Rifleman |
| 1:51 | Altar of Kings |
| 2:14 | Barracks |
| 2:19 | Rifleman |
| 2:29 | Peasant |
| 2:29 | Peasant |
| 3:00 | Farm |
| 3:07 | Lumber Mill |
| 3:36 | Farm |
| 3:47 | Rifleman |
| 4:12 | Farm |
| 4:14 | Rifleman |
| 4:36 | Rifleman |
| 4:48 | Farm |
| 4:57 | Holy Light |
| 5:42 | Keep |
| 5:46 | Rifleman |
| 6:10 | Devotion Aura |
| 6:18 | Rifleman |
| 7:51 | Rifleman |
| 7:52 | Iron Plating |
| 7:52 | Iron Forged Swords |
| 8:36 | Farm |
| 8:43 | Devotion Aura |
| 8:48 | Boots of Speed |
| 9:17 | Farm |
| 10:31 | Castle |
| 10:35 | Long Rifles |
| 10:38 | Farm |
| 11:21 | Magnataur Warrior |
| 11:53 | Flame Strike |
| 12:18 | Farm |
| 12:22 | Arcane Sanctum |
| 12:25 | Arcane Sanctum |
| 12:52 | Sundering Blades |
| 12:54 | Animal War Training |
| 13:31 | Knight |
| 13:31 | Knight |
| 14:35 | Town Hall |
| 14:56 | Divine Shield |
| 15:56 | Town Hall |
| 16:05 | Siphon Mana |
| 16:58 | Flame Strike |
| 19:08 | Peasant |
| 19:09 | Peasant |
| Right click | 637 |
| Select | 341 |
| Build/train/purchase | 41 |
| Select group | 22 |
| Assign group | 20 |
| Misc. action | 17 |
| Use ability | 16 |
| Minimap ping | 7 |
| Resource trade | 6 |
| Remove unit | 1 |

| Rod of Necromancy | 1 | 150 |
| Scroll of Town Portal | 2 | 700 |
| Scroll of Healing | 1 | 250 |
| total: | 4 | 1100g |
| Acolyte | 8 | 600 | / | 0 |
| Ghoul | 11 | 1320 | / | 0 |
| Necromancer | 10 | 1450 | / | 200 |
| Banshee | 5 | 775 | / | 150 |
| total: | 34 | 4145g | / | 350w |
| Nerubian Tower | 2 | 200 | / | 40 |
| Spirit Tower | 3 | 435 | / | 120 |
| Altar of Darkness | 1 | 180 | / | 50 |
| Ziggurat | 5 | 750 | / | 250 |
| Crypt | 1 | 200 | / | 50 |
| Graveyard | 1 | 215 | / | 0 |
| Tomb of Relics | 1 | 130 | / | 30 |
| Temple of the Damned | 2 | 310 | / | 280 |
| Halls of the Dead | 1 | 320 | / | 210 |
| Black Citadel | 1 | 325 | / | 230 |
| total: | 11 | 1785g | / | 660w |
| 0:04 | Acolyte |
| 0:04 | Acolyte |
| 0:08 | Altar of Darkness |
| 0:11 | Ziggurat |
| 0:37 | Acolyte |
| 0:56 | Crypt |
| 1:07 | Nerubian Tower |
| 1:26 | Graveyard |
| 1:52 | Tomb of Relics |
| 2:01 | Ghoul |
| 2:15 | Frost Nova |
| 2:17 | Ghoul |
| 2:28 | Ziggurat |
| 2:33 | Ghoul |
| 3:04 | Ziggurat |
| 3:15 | Unholy Strength |
| 3:17 | Unholy Armor |
| 3:21 | Ghoul |
| 3:40 | Ghoul |
| 3:59 | Halls of the Dead |
| 4:58 | Ghoul |
| 4:59 | Ghoul |
| 5:05 | Ziggurat |
| 5:08 | Spirit Tower |
| 5:10 | Spirit Tower |
| 5:32 | Ziggurat |
| 5:43 | Ghoul |
| 5:44 | Ghoul |
| 5:58 | Nerubian Tower |
| 6:15 | Rod of Necromancy |
| 7:24 | Spirit Tower |
| 7:26 | Ghoul |
| 7:34 | Temple of the Damned |
| 7:39 | Temple of the Damned |
| 7:46 | Ghoul |
| 8:10 | Dark Ritual |
| 8:39 | Black Citadel |
| 8:44 | Necromancer Adept Training |
| 9:20 | Skeletal Mastery |
| 9:21 | Necromancer |
| 9:22 | Necromancer |
| 10:03 | Necromancer |
| 10:26 | Scroll of Town Portal |
| 10:45 | Banshee |
| 11:18 | Acolyte |
| 11:45 | Necromancer Master Training |
| 11:48 | Banshee |
| 12:41 | Necromancer |
| 13:29 | Acolyte |
| 13:30 | Acolyte |
| 13:30 | Acolyte |
| 13:30 | Acolyte |
| 14:11 | Banshee Adept Training |
| 14:12 | Banshee |
| 14:12 | Banshee |
| 14:20 | Frost Armor |
| 17:05 | Dark Ritual |
| 17:34 | Necromancer |
| 17:34 | Necromancer |
| 17:34 | Necromancer |
| 17:34 | Necromancer |
| 17:35 | Necromancer |
| 17:35 | Necromancer |
| 17:36 | Banshee |
| 17:45 | Scroll of Healing |
| 18:43 | Scroll of Town Portal |
| 19:41 | Banshee Master Training |
| Right click | 298 |
| Select | 259 |
| Chat | 90 |
| Misc. action | 69 |
| Build/train/purchase | 69 |
| Use ability | 24 |
| Minimap ping | 6 |
| Resource trade | 5 |
| Remove unit | 1 |

| Wisp | 10 | 600 | / | 0 |
| Archer | 16 | 2080 | / | 160 |
| Hippogryph | 15 | 2400 | / | 300 |
| total: | 41 | 5080g | / | 460w |
| Altar of Elders | 1 | 180 | / | 50 |
| Moon Well | 7 | 1260 | / | 280 |
| Ancient of War | 1 | 150 | / | 60 |
| Hunter's Hall | 1 | 210 | / | 100 |
| Ancient of Wonders | 1 | 90 | / | 30 |
| Tree of Life | 1 | 340 | / | 185 |
| Ancient of Wind | 1 | 150 | / | 140 |
| Tree of Ages | 1 | 320 | / | 180 |
| total: | 13 | 2380g | / | 845w |
| 0:12 | Altar of Elders |
| 0:18 | Moon Well |
| 0:20 | Wisp |
| 0:20 | Wisp |
| 0:51 | Wisp |
| 0:51 | Wisp |
| 1:07 | Ancient of War |
| 1:23 | Moon Well |
| 1:26 | Wisp |
| 1:30 | Wisp |
| 1:56 | Wisp |
| 1:56 | Wisp |
| 2:27 | Hunter's Hall |
| 2:31 | Trueshot Aura |
| 2:33 | Archer |
| 2:33 | Archer |
| 2:59 | Archer |
| 3:13 | Wisp |
| 3:28 | Tree of Ages |
| 3:38 | Moon Well |
| 4:23 | Archer |
| 4:24 | Archer |
| 4:24 | Archer |
| 4:54 | Archer |
| 4:54 | Archer |
| 5:02 | Moon Well |
| 5:44 | Archer |
| 5:44 | Archer |
| 5:56 | Ancient of Wind |
| 7:21 | Archer |
| 7:21 | Archer |
| 7:41 | Wisp |
| 7:56 | Hippogryph |
| 7:56 | Hippogryph |
| 7:56 | Hippogryph |
| 7:56 | Hippogryph |
| 7:56 | Hippogryph |
| 8:12 | Moon Well |
| 8:24 | Improved Bows |
| 8:29 | Strength of the Moon |
| 8:46 | Searing Arrows |
| 8:58 | Hippogryph |
| 9:22 | Trueshot Aura |
| 10:38 | Moon Well |
| 10:46 | Ancient of Wonders |
| 11:44 | Hippogryph |
| 11:44 | Hippogryph |
| 11:44 | Hippogryph |
| 11:46 | Archer |
| 11:46 | Archer |
| 11:46 | Archer |
| 12:08 | Moon Well |
| 12:29 | Archer |
| 12:31 | Hippogryph |
| 12:31 | Hippogryph |
| 12:36 | Searing Arrows |
| 15:32 | Hippogryph |
| 15:32 | Hippogryph |
| 15:32 | Hippogryph |
| 15:32 | Hippogryph |
| 16:51 | Trueshot Aura |
| 18:42 | Tree of Life |
| Right click | 345 |
| Select | 195 |
| Build/train/purchase | 66 |
| Misc. action | 65 |
| Select group | 26 |
| Assign group | 10 |
| Minimap ping | 4 |
| Use ability | 1 |
132 units @ 20.3k
/ 3.3k
79 buildings @ 10.3k
/ 3.6k



| Rod of Necromancy | 1 | 150 |
| Sacrificial Skull | 1 | 50 |
| Orb of Corruption | 1 | 375 |
| Potion of Mana | 2 | 400 |
| Scroll of Town Portal | 2 | 700 |
| Potion of Lesser Invulnerability | 2 | 300 |
| Scroll of Protection | 2 | 300 |
| total: | 11 | 2275g |
| Acolyte | 9 | 675 | / | 0 |
| Ghoul | 5 | 600 | / | 0 |
| Crypt Fiend | 6 | 1290 | / | 240 |
| Obsidian Statue | 9 | 1800 | / | 315 |
| Frost Wyrm | 5 | 1925 | / | 600 |
| Goblin Shredder | 1 | 375 | / | 100 |
| total: | 35 | 6665g | / | 1255w |
| Nerubian Tower | 2 | 200 | / | 40 |
| Spirit Tower | 4 | 580 | / | 160 |
| Ziggurat | 8 | 1200 | / | 400 |
| Crypt | 1 | 200 | / | 50 |
| Altar of Darkness | 1 | 180 | / | 50 |
| Graveyard | 1 | 215 | / | 0 |
| Tomb of Relics | 2 | 260 | / | 60 |
| Necropolis | 1 | 225 | / | 0 |
| Sacrificial Pit | 1 | 75 | / | 150 |
| Slaughterhouse | 1 | 140 | / | 135 |
| Boneyard | 1 | 175 | / | 200 |
| Halls of the Dead | 1 | 320 | / | 210 |
| Black Citadel | 1 | 325 | / | 230 |
| total: | 17 | 2670g | / | 1045w |
| 0:04 | Acolyte |
| 0:04 | Acolyte |
| 0:05 | Acolyte |
| 0:51 | Ziggurat |
| 0:55 | Crypt |
| 1:02 | Altar of Darkness |
| 1:16 | Graveyard |
| 1:20 | Ziggurat |
| 1:33 | Tomb of Relics |
| 1:56 | Ghoul |
| 1:57 | Ghoul |
| 2:16 | Ghoul |
| 2:17 | Ghoul |
| 2:29 | Nerubian Tower |
| 2:51 | Ghoul |
| 3:01 | Death Coil |
| 3:15 | Halls of the Dead |
| 3:29 | Rod of Necromancy |
| 3:31 | Sacrificial Skull |
| 4:17 | Ziggurat |
| 4:37 | Necropolis |
| 4:55 | Crypt Fiend |
| 5:15 | Nerubian Tower |
| 5:20 | Ziggurat |
| 5:32 | Crypt Fiend |
| 5:36 | Unholy Aura |
| 5:46 | Ziggurat |
| 6:55 | Acolyte |
| 7:08 | Acolyte |
| 7:08 | Acolyte |
| 7:10 | Acolyte |
| 7:38 | Spirit Tower |
| 7:39 | Acolyte |
| 7:40 | Spirit Tower |
| 7:52 | Potion of Lesser Invulnerability |
| 7:54 | Frost Nova |
| 8:02 | Black Citadel |
| 8:07 | Death Coil |
| 8:20 | Acolyte |
| 8:22 | Sacrificial Pit |
| 8:32 | Web |
| 8:32 | Crypt Fiend |
| 8:38 | Slaughterhouse |
| 8:55 | Tomb of Relics |
| 9:05 | Creature Attack |
| 9:20 | Ziggurat |
| 10:00 | Ziggurat |
| 10:02 | Spirit Tower |
| 10:04 | Creature Carapace |
| 10:07 | Obsidian Statue |
| 10:31 | Orb of Corruption |
| 10:31 | Potion of Mana |
| 10:49 | Improved Creature Attack |
| 10:52 | Destroyer Form |
| 10:59 | Crypt Fiend |
| 11:19 | Obsidian Statue |
| 11:33 | Impale |
| 11:41 | Frost Armor |
| 11:44 | Goblin Shredder |
| 12:00 | Boneyard |
| 12:11 | Crypt Fiend |
| 12:13 | Obsidian Statue |
| 12:41 | Scroll of Protection |
| 12:51 | Potion of Lesser Invulnerability |
| 12:53 | Scroll of Protection |
| 12:57 | Spirit Tower |
| 13:59 | Obsidian Statue |
| 14:00 | Obsidian Statue |
| 14:06 | Scroll of Town Portal |
| 14:21 | Advanced Creature Attack |
| 14:35 | Ghoul Frenzy |
| 15:05 | Frost Wyrm |
| 15:06 | Freezing Breath |
| 15:23 | Improved Creature Carapace |
| 15:35 | Crypt Fiend |
| 16:41 | Unholy Aura |
| 16:42 | Spiked Carapace |
| 16:58 | Frost Nova |
| 17:42 | Frost Wyrm |
| 17:43 | Advanced Creature Carapace |
| 18:24 | Scroll of Town Portal |
| 18:24 | Potion of Mana |
| 18:36 | Obsidian Statue |
| 18:36 | Obsidian Statue |
| 19:16 | Ziggurat |
| 19:18 | Frost Wyrm |
| 19:19 | Frost Wyrm |
| 19:21 | Dark Ritual |
| 19:23 | Death Pact |
| 20:04 | Impale |
| 20:18 | Frost Wyrm |
| 20:43 | Frost Nova |
| 21:00 | Obsidian Statue |
| 21:00 | Obsidian Statue |
| Select group | 533 |
| Right click | 311 |
| Select | 228 |
| Build/train/purchase | 96 |
| Use ability | 71 |
| Chat | 63 |
| Assign group | 33 |
| Minimap ping | 11 |
| Misc. action | 5 |
| Item give/drop | 4 |

| Rod of Necromancy | 1 | 150 |
| Potion of Healing | 3 | 450 |
| Periapt of Vitality | 1 | 325 |
| total: | 5 | 925g |
| Acolyte | 14 | 1050 | / | 0 |
| Ghoul | 3 | 360 | / | 0 |
| Crypt Fiend | 18 | 3870 | / | 720 |
| Goblin Shredder | 1 | 375 | / | 100 |
| total: | 36 | 5655g | / | 820w |
| Spirit Tower | 8 | 1160 | / | 320 |
| Ziggurat | 11 | 1650 | / | 550 |
| Crypt | 2 | 400 | / | 100 |
| Altar of Darkness | 1 | 180 | / | 50 |
| Tomb of Relics | 1 | 130 | / | 30 |
| Graveyard | 1 | 215 | / | 0 |
| Necropolis | 2 | 450 | / | 0 |
| Halls of the Dead | 2 | 640 | / | 420 |
| Black Citadel | 1 | 325 | / | 230 |
| total: | 18 | 3025g | / | 730w |
| 0:16 | Ziggurat |
| 0:24 | Crypt |
| 0:27 | Altar of Darkness |
| 0:36 | Acolyte |
| 1:31 | Ghoul |
| 1:34 | Ghoul |
| 1:50 | Ziggurat |
| 2:10 | Tomb of Relics |
| 2:22 | Graveyard |
| 2:33 | Acolyte |
| 2:39 | Carrion Beetles |
| 2:47 | Ghoul |
| 3:14 | Rod of Necromancy |
| 3:26 | Ziggurat |
| 3:41 | Acolyte |
| 3:54 | Crypt Fiend |
| 4:23 | Creature Attack |
| 4:36 | Crypt Fiend |
| 5:25 | Spirit Tower |
| 5:27 | Spirit Tower |
| 5:29 | Spirit Tower |
| 5:59 | Goblin Shredder |
| 7:14 | Halls of the Dead |
| 7:28 | Acolyte |
| 7:29 | Acolyte |
| 7:29 | Acolyte |
| 7:29 | Acolyte |
| 7:29 | Acolyte |
| 8:28 | Crypt Fiend |
| 8:28 | Crypt Fiend |
| 8:35 | Ziggurat |
| 8:39 | Ziggurat |
| 8:43 | Ziggurat |
| 9:07 | Creature Carapace |
| 9:14 | Ziggurat |
| 9:30 | Spirit Tower |
| 10:18 | Carrion Beetles |
| 10:20 | Spiked Carapace |
| 10:51 | Halls of the Dead |
| 10:54 | Spirit Tower |
| 10:55 | Spirit Tower |
| 11:54 | Crypt Fiend |
| 11:54 | Crypt Fiend |
| 12:04 | Ziggurat |
| 12:13 | Periapt of Vitality |
| 12:43 | Crypt |
| 12:51 | Ziggurat |
| 13:04 | Spiked Carapace |
| 13:15 | Ziggurat |
| 13:18 | Web |
| 13:18 | Crypt Fiend |
| 13:48 | Spirit Tower |
| 13:54 | Improved Creature Attack |
| 13:55 | Improved Creature Carapace |
| 13:55 | Unholy Armor |
| 13:56 | Unholy Strength |
| 15:03 | Crypt Fiend |
| 15:03 | Crypt Fiend |
| 15:03 | Crypt Fiend |
| 15:04 | Crypt Fiend |
| 15:59 | Impale |
| 16:20 | Potion of Healing |
| 16:25 | Potion of Healing |
| 16:38 | Black Citadel |
| 16:53 | Potion of Healing |
| 17:14 | Crypt Fiend |
| 17:14 | Crypt Fiend |
| 17:14 | Crypt Fiend |
| 17:14 | Crypt Fiend |
| 17:31 | Locust Swarm |
| 17:49 | Necropolis |
| 17:52 | Necropolis |
| 17:57 | Ziggurat |
| 18:11 | Spirit Tower |
| 18:38 | Improved Unholy Strength |
| 18:38 | Improved Unholy Armor |
| 19:37 | Acolyte |
| 19:37 | Acolyte |
| 19:37 | Acolyte |
| 19:37 | Acolyte |
| 19:37 | Acolyte |
| 19:37 | Acolyte |
| 20:34 | Crypt Fiend |
| 20:34 | Crypt Fiend |
| 20:34 | Crypt Fiend |
| Right click | 498 |
| Select | 306 |
| Chat | 82 |
| Build/train/purchase | 79 |
| Assign group | 29 |
| Select group | 10 |
| Misc. action | 9 |
| Use ability | 9 |
| Minimap ping | 3 |
| Remove unit | 1 |


| Scroll of Regeneration | 2 | 200 |
| Scroll of Town Portal | 3 | 1050 |
| total: | 5 | 1250g |
| Peasant | 8 | 600 | / | 0 |
| Footman | 6 | 810 | / | 0 |
| Rifleman | 8 | 1640 | / | 240 |
| Knight | 4 | 980 | / | 240 |
| total: | 26 | 4030g | / | 480w |
| Altar of Kings | 1 | 180 | / | 50 |
| Farm | 9 | 720 | / | 180 |
| Barracks | 2 | 320 | / | 120 |
| Arcane Vault | 1 | 130 | / | 30 |
| Blacksmith | 1 | 140 | / | 60 |
| Lumber Mill | 1 | 120 | / | 0 |
| Keep | 2 | 640 | / | 420 |
| Castle | 2 | 720 | / | 420 |
| total: | 15 | 1610g | / | 440w |
| 0:03 | Peasant |
| 0:03 | Peasant |
| 0:08 | Altar of Kings |
| 0:12 | Farm |
| 0:23 | Barracks |
| 0:28 | Peasant |
| 0:43 | Peasant |
| 0:52 | Farm |
| 0:58 | Peasant |
| 1:06 | Peasant |
| 1:26 | Footman |
| 1:35 | Farm |
| 1:39 | Footman |
| 1:39 | Footman |
| 1:50 | Peasant |
| 2:09 | Footman |
| 2:11 | Peasant |
| 2:16 | Storm Bolt |
| 2:50 | Keep |
| 2:51 | Footman |
| 2:51 | Footman |
| 3:04 | Farm |
| 3:22 | Arcane Vault |
| 3:32 | Bash |
| 3:44 | Barracks |
| 3:49 | Blacksmith |
| 3:53 | Lumber Mill |
| 4:31 | Farm |
| 4:55 | Farm |
| 5:30 | Long Rifles |
| 5:32 | Rifleman |
| 6:01 | Improved Lumber Harvesting |
| 6:01 | Advanced Lumber Harvesting |
| 6:02 | Rifleman |
| 6:07 | Rifleman |
| 6:14 | Farm |
| 6:21 | Storm Bolt |
| 7:15 | Divine Shield |
| 7:32 | Rifleman |
| 7:46 | Black Gunpowder |
| 7:46 | Refined Gunpowder |
| 7:52 | Farm |
| 8:22 | Rifleman |
| 8:47 | Rifleman |
| 8:51 | Studded Leather Armor |
| 8:51 | Reinforced Leather Armor |
| 9:39 | Devotion Aura |
| 9:45 | Scroll of Regeneration |
| 9:48 | Scroll of Town Portal |
| 9:57 | Imbued Gunpowder |
| 10:53 | Dragonhide Armor |
| 10:54 | Castle |
| 11:32 | Rifleman |
| 11:40 | Bash |
| 12:50 | Rifleman |
| 13:04 | Devotion Aura |
| 13:27 | Animal War Training |
| 13:27 | Sundering Blades |
| 13:39 | Scroll of Regeneration |
| 13:42 | Scroll of Town Portal |
| 14:04 | Iron Forged Swords |
| 14:06 | Iron Plating |
| 14:09 | Farm |
| 14:33 | Knight |
| 15:22 | Knight |
| 15:33 | Knight |
| 16:31 | Bash |
| 16:33 | Divine Shield |
| 16:50 | Knight |
| 18:02 | Scroll of Town Portal |
| 18:59 | Steel Forged Swords |
| 19:00 | Steel Plating |
| 19:30 | Avatar |
| 20:33 | Devotion Aura |
| 20:43 | Mithril Forged Swords |
| Select group | 388 |
| Right click | 367 |
| Select | 228 |
| Build/train/purchase | 77 |
| Assign group | 31 |
| Use ability | 25 |
| Remove unit | 1 |
| Minimap ping | 1 |

| Scroll of Regeneration | 4 | 400 |
| Lesser Clarity Potion | 4 | 280 |
| Mechanical Critter | 1 | 50 |
| Potion of Healing | 2 | 300 |
| Ivory Tower | 1 | 40 |
| Scroll of Town Portal | 2 | 700 |
| Staff of Teleportation | 1 | 150 |
| total: | 15 | 1920g |
| Peasant | 22 | 1650 | / | 0 |
| Mortar Team | 10 | 1800 | / | 700 |
| Sorceress | 3 | 465 | / | 60 |
| total: | 35 | 3915g | / | 760w |
| Scout Tower | 8 | 240 | / | 160 |
| Arcane Tower | 2 | 140 | / | 100 |
| Guard Tower | 5 | 350 | / | 250 |
| Altar of Kings | 1 | 180 | / | 50 |
| Farm | 12 | 960 | / | 240 |
| Arcane Vault | 1 | 130 | / | 30 |
| Lumber Mill | 1 | 120 | / | 0 |
| Town Hall | 2 | 770 | / | 410 |
| Blacksmith | 1 | 140 | / | 60 |
| Arcane Sanctum | 1 | 150 | / | 140 |
| Workshop | 2 | 280 | / | 280 |
| Keep | 1 | 320 | / | 210 |
| Castle | 1 | 360 | / | 210 |
| total: | 29 | 2970g | / | 1370w |
| 0:03 | Peasant |
| 0:03 | Peasant |
| 0:03 | Peasant |
| 0:22 | Altar of Kings |
| 0:25 | Peasant |
| 0:35 | Farm |
| 0:59 | Scout Tower |
| 1:03 | Peasant |
| 1:08 | Farm |
| 1:23 | Peasant |
| 1:32 | Arcane Vault |
| 1:41 | Lumber Mill |
| 1:44 | Peasant |
| 1:44 | Peasant |
| 1:58 | Arcane Tower |
| 2:10 | Peasant |
| 2:10 | Peasant |
| 2:14 | Scout Tower |
| 2:18 | Farm |
| 2:22 | Blizzard |
| 2:53 | Guard Tower |
| 2:55 | Peasant |
| 2:55 | Peasant |
| 3:02 | Farm |
| 3:04 | Scroll of Regeneration |
| 3:05 | Lesser Clarity Potion |
| 3:07 | Scroll of Regeneration |
| 3:07 | Lesser Clarity Potion |
| 3:07 | Mechanical Critter |
| 3:23 | Peasant |
| 3:23 | Peasant |
| 3:55 | Peasant |
| 3:56 | Peasant |
| 4:09 | Peasant |
| 4:13 | Brilliance Aura |
| 4:27 | Scout Tower |
| 4:29 | Scout Tower |
| 4:37 | Peasant |
| 4:37 | Peasant |
| 4:38 | Improved Masonry |
| 4:57 | Guard Tower |
| 4:59 | Guard Tower |
| 5:02 | Town Hall |
| 5:03 | Scout Tower |
| 5:14 | Town Hall |
| 5:20 | Scout Tower |
| 5:28 | Keep |
| 5:39 | Lesser Clarity Potion |
| 5:50 | Arcane Tower |
| 5:59 | Blacksmith |
| 7:00 | Blizzard |
| 7:08 | Blizzard |
| 7:29 | Scroll of Regeneration |
| 7:29 | Lesser Clarity Potion |
| 7:46 | Peasant |
| 7:54 | Black Gunpowder |
| 7:55 | Iron Plating |
| 7:59 | Studded Leather Armor |
| 8:53 | Arcane Sanctum |
| 8:56 | Workshop |
| 8:59 | Workshop |
| 9:01 | Castle |
| 9:03 | Improved Lumber Harvesting |
| 9:03 | Advanced Masonry |
| 9:05 | Potion of Healing |
| 9:06 | Ivory Tower |
| 9:12 | Potion of Healing |
| 10:30 | Scout Tower |
| 10:31 | Scout Tower |
| 10:36 | Sorceress Adept Training |
| 10:37 | Magic Sentry |
| 10:39 | Flare |
| 10:40 | Mortar Team |
| 10:40 | Mortar Team |
| 10:41 | Mortar Team |
| 10:42 | Sorceress |
| 10:42 | Sorceress |
| 10:43 | Sorceress |
| 10:46 | Farm |
| 11:15 | Guard Tower |
| 11:44 | Sorceress Master Training |
| 11:46 | Fragmentation Shards |
| 11:57 | Mortar Team |
| 12:15 | Advanced Lumber Harvesting |
| 12:18 | Refined Gunpowder |
| 12:37 | Staff of Teleportation |
| 12:44 | Peasant |
| 12:44 | Peasant |
| 12:47 | Mortar Team |
| 14:02 | Brilliance Aura |
| 14:10 | Imbued Gunpowder |
| 14:11 | Reinforced Leather Armor |
| 14:12 | Imbued Masonry |
| 15:22 | Mortar Team |
| 15:22 | Mortar Team |
| 15:24 | Farm |
| 15:25 | Farm |
| 15:37 | Guard Tower |
| 15:50 | Scroll of Town Portal |
| 16:32 | Farm |
| 16:33 | Farm |
| 16:34 | Farm |
| 16:36 | Farm |
| 16:36 | Farm |
| 16:48 | Mortar Team |
| 18:04 | Mortar Team |
| 18:37 | Scroll of Regeneration |
| 18:48 | Scroll of Town Portal |
| 19:02 | Mortar Team |
| 19:52 | Dragonhide Armor |
| Right click | 405 |
| Select group | 352 |
| Select | 180 |
| Chat | 149 |
| Build/train/purchase | 99 |
| Use ability | 75 |
| Assign group | 54 |
| Misc. action | 31 |
| Item give/drop | 1 |
| Remove unit | 1 |
| Esc | 1 |
| Minimap ping | 1 |
⇛